 Dungeon Crawl Stone Soup version 0.28-a0-1128-gb845255321 (webtiles) character file.

Game seed: 11986017116141636013

596 LadyOphelia the Chopper (level 7, -4/68 HPs)
             Began as a Minotaur Fighter on Dec 12, 2021.
             Was an Elder of Ignis.
             Slain by a gnoll (13 damage)
             ... on level 4 of the Dungeon.
             The game lasted 00:13:49 (4270 turns).

LadyOphelia the Chopper (Minotaur Fighter)          Turns: 4270, Time: 00:13:50

Health: -4/68      AC:  7    Str: 23    XL:     7   Next: 17%
Magic:  6/6        EV: 10    Int:  7    God:    Ignis [****..]
Gold:   134        SH:  5    Dex:  9    Spells: 6/6 levels left

rFire   + . .      SeeInvis .   a - +0 war axe
rCold   . . .      Faith    .   c - +0 buckler
rNeg    . . .      Spirit   .   b - +0 scale mail
rPois   .          Reflect  .   (helmet restricted)
rElec   .          Harm     .   (no cloak)
rCorr   .          Rampage  .   (no gloves)
Will    .....                   (no boots)
Stlth   ..........              (no amulet)
HPRegen 0.21/turn               (no ring)
MPRegen 0.10/turn               (no ring)

@: no status effects
A: horns 2, retaliatory headbutt, clever 1, robust 1
a: Renounce Religion, Fiery Armour, Foxfire Swarm


You were on level 4 of the Dungeon.
You worshipped Ignis.
Ignis was greatly pleased with you.
You visited 1 branch of the dungeon, and saw 4 of its levels.

You collected 134 gold pieces.

Inventory:

Hand Weapons
 a - a +0 war axe (weapon)
Missiles
 e - 2 throwing nets (quivered)
Armour
 b - a +0 scale mail (worn)
 c - a +0 buckler (worn)
Scrolls
 f - a scroll of identify
 g - 2 scrolls of teleportation
 j - 2 scrolls of noise
Potions
 d - a potion of might


   Skills:
 * Level 5.7 Fighting
 + Level 5.9 Axes
 + Level 5.6 Armour
 - Level 0.1 Dodging
 * Level 5.4 Shields


You had 6 spell levels left.
You didn't know any spells.
Your spell library contained the following spells:

 Spells                   Type           Power      Damage    Failure   Level
 Magic Dart               Conj           0%         1d3       73%         1
 Call Imp                 Summ           0%         N/A       86%         2
 Mephitic Cloud           Conj/Pois/Air  0%         N/A       97%         3


Dungeon Overview and Level Annotations

Branches:
Dungeon (4/15)
 Temple: D:4-7

Altars:
Ignis


Innate Abilities, Weirdness & Mutations

You have a pair of horns on your head.
You reflexively headbutt those who attack you in melee.
Your mind is acute. (Int +2)
You are robust. (+10% HP)


Message History

You kill the gnoll!
You hit the ball python.
You kill the ball python!
A gnoll comes into view. It is wielding a +0 club.
The gnoll throws a throwing net.
The throwing net hits you.
You become entangled in the net!
Things that are here:
a throwing net; a +0 club; a gnoll corpse You struggle against the net.
The gnoll barely misses you.
You struggle against the net.
The gnoll hits you but does no damage.
You struggle against the net.
The gnoll hits you from afar with a +0 halberd.
You shred the net and break free! The gnoll hits you but does no damage.
You block the gnoll's attack. The gnoll hits you with a +0 club.
You block the gnoll's attack. The gnoll closely misses you. x2
The gnoll hits you with a +0 club. You block the gnoll's attack.
You hit the gnoll. You headbutt the gnoll!
The gnoll is severely wounded.
The gnoll barely misses you. You furiously retaliate!
You headbutt the gnoll!
You kill the gnoll!
The gnoll throws a throwing net.
The throwing net barely misses you. The gnoll hits you with a +0 halberd.
Items here: )) ? ††.
You barely miss the gnoll. The gnoll hits you with a +0 halberd!
* * * LOW HITPOINT WARNING * * *
You barely miss the gnoll. You block the gnoll's attack.
You closely miss the gnoll. The gnoll hits you but does no damage.
You block the gnoll's attack.
You hit the gnoll but do no damage. The gnoll hits you with a +0 halberd!
* * * LOW HITPOINT WARNING * * *
You closely miss the gnoll. The gnoll closely misses you.
You hit the gnoll.
The gnoll is heavily wounded.
The gnoll completely misses you. You furiously retaliate!
You headbutt the gnoll. You closely miss the gnoll.
The gnoll is severely wounded.
The gnoll hits you with a +0 halberd!
You die...

### #####. # .$[#. #
....### ##.# .....#
###### .... .[#.#
#..... ##.# ##. #.#.#
#.#### #
.....#.#.#######.##.#
...#
#..g@.....(##.##.#
#..##
#####)?###<##.##.#
.... ##)# #.##(##.#
... #.# #.##.##.#
.#.# #.# #.##.##.#
###. . #!# #.##.##.#
# .. #.# #.......# ##
.# #.# ####.####
.#..## #.# #.#


You could see a gnoll.

Vanquished Creatures
  2 black bears (D:4)
  A hornet zombie (D:4)
  An ogre (D:3)
  A hound (D:4)
  Robin (D:2)
  11 gnolls
  An adder (D:2)
  A worm (D:4)
  A dart slug (D:2)
  12 ball pythons
  3 endoplasms
  3 giant cockroaches
  20 goblins
  3 hobgoblins
  5 kobolds
  2 quokkas
  3 bats
  2 frilled lizards (D:1)
  20 rats
93 creatures vanquished.

Vanquished Creatures (others)
  19 foxfires (D:4)
  7 plants (D:1)
26 creatures vanquished.

Grand Total: 119 creatures vanquished

Notes
Turn   | Place    | Note
-------+----------+-------------------------------------------
     0 | D:1      | LadyOphelia the Minotaur Fighter began the quest for the
                  | Orb.
     0 | D:1      | Reached XP level 1. HP: 19/19 MP: 0/0
   638 | D:1      | Reached XP level 2. HP: 26/27 MP: 1/1
  1205 | D:1      | Found a faded altar of an unknown god.
  1225 | D:1      | Prayed at the altar of an unknown god.
  1225 | D:1      | Became a worshipper of Ignis, the Dying Flame
  1576 | D:2      | Reached XP level 3. HP: 31/33 MP: 2/2
  1904 | D:2      | Reached XP level 4. HP: 27/40 MP: 3/3
  2406 | D:2      | Noticed Robin
  2419 | D:2      | Killed Robin
  2768 | D:3      | Gained mutation: Your mind is acute. (Int +2) [potion of
                  | mutation]
  2768 | D:3      | Gained mutation: You are robust. (+10% HP) [potion of
                  | mutation]
  3403 | D:3      | Noticed an ogre
  3410 | D:3      | Killed an ogre
  3411 | D:3      | Reached skill level 5 in Armour
  3411 | D:3      | Reached XP level 5. HP: 18/51 MP: 4/4
  3848 | D:4      | Noticed a black bear
  3853 | D:4      | Killed a black bear
  3854 | D:4      | Reached skill level 5 in Fighting
  3854 | D:4      | Reached skill level 5 in Axes
  3854 | D:4      | Reached skill level 5 in Shields
  3854 | D:4      | Reached XP level 6. HP: 57/61 MP: 5/5
  4091 | D:4      | Reached XP level 7. HP: 59/67 MP: 6/6
  4270 | D:4      | Slain by a gnoll

Illustrated notes

Levels and vault maps discovered:
D:1:      dpeg_arrival_erosion, layout_basic, chequers_ecumenical_altar_lobes
D:2:      layout_loops_ring, due_unseen_surprise, uniq_robin
D:3:      layout_loops_ring, kennysheep_another_room
D:4:      layout_loops_ring, minmay_rat_hole

Skill      XL: |  1  2  3  4  5 |
---------------+----------------+-----
Shields        | 4 5 |  5.4
Fighting       | 4 5 |  5.7
Armour         | 4 5 |  5.6
Axes           | 3 4 5 |  5.9
Dodging        | |  0.1

Action                   |  1- 3 |  4- 6 |  7- 9 || total
-------------------------+-------+-------+-------++-------
Melee: War axe           |    68 |    72 |    15 ||   155
       Headbutt          |    11 |    10 |     1 ||    22
Invok: Rising Flame      |     1 |       |       ||     1
       Fiery Armour      |       |     3 |       ||     3
       Foxfire Swarm     |       |     1 |       ||     1
  Use: Potion            |       |     6 |       ||     6
       Scroll            |       |     3 |       ||     3
Armor: Scale mail        |    39 |    46 |     3 ||    88
Dodge: Dodged            |    42 |    52 |    12 ||   106
Block: Buckler           |    27 |    22 |     9 ||    58

Table legend: (Time is in decaauts)
 A = Elapsed time spent in this place.
 B = Non-inter-level travel time spent in this place.
 C = Inter-level travel time spent in this place.
 D = Time resting spent in this place.
 E = Time spent auto-exploring this place.
 F = Levels seen in this place.
 G = Mean time per level.
                   A        B        C        D        E       F      G
               +--------+--------+--------+--------+--------+-----+--------+
         Total |   4320 |   4127 |    193 |    647 |   2664 |   4 | 1080.0 |
       Dungeon |   4320 |   4127 |    193 |    647 |   2664 |   4 | 1080.0 |
               +--------+--------+--------+--------+--------+-----+--------+

Top non-repeatable levels by time:
     D:1: 1782 daAuts
     D:3: 1014 daAuts
     D:2: 914 daAuts
     D:4: 610 daAuts
